 Dungeon Crawl Stone Soup version 0.25.1-11-g244df3a29b (webtiles) character file.

Game seed: 6537966477341040673

16 Acheron the Magician (level 2, 0/19 HPs)
             Began as a Mummy Wizard on Sept 16, 2022.
             Slain by an adder (5 damage)
             ... on level 3 of the Dungeon.
             The game lasted 00:05:38 (869 turns).

Acheron the Magician (Mummy Wizard)                  Turns: 869, Time: 00:05:39

Health: 0/19       AC:  2    Str: 10    XL:     2   Next: 41%
Magic:  7/7        EV: 12    Int: 17    God:
Gold:   12         SH:  0    Dex: 10    Spells: 2/9 levels left

rFire    x . .     SeeInvis .   c - +0 spear
rCold    + . .     Gourm    .   (no shield)
rNeg     + + +     Faith    .   a - +0 robe
rPois    ∞         Spirit   .   b - +0 hat
rElec    .         Reflect  .   (no cloak)
rCorr    .         Harm     .   (no gloves)
MR       .....                  (no boots)
Stlth    ++........             (no amulet)
HPRegen  0.06/turn              (no ring)
MPRegen  0.10/turn              (no ring)

@: no status effects
A: no food or potions, fire vulnerability, cold resistance 1, negative energy
resistance 3, torment resistance, unbreathing
a: no special abilities


You were on level 3 of the Dungeon.
You were not hungry.

You visited 1 branch of the dungeon, and saw 3 of its levels.

You collected 12 gold pieces.

Inventory:

Hand Weapons
 c - a +0 spear (weapon)
 d - a +0 hunting sling
Missiles
 e - 20 stones (quivered)
Armour
 a - a +0 robe (worn)
 b - a +0 hat (worn)


   Skills:
 * Level 0.1 Fighting
 * Level 1.8 Dodging
 * Level 1.6 Stealth
 * Level 4.4 Spellcasting
 * Level 0.8 Conjurations
 * Level 0.1 Hexes
 * Level 0.8 Summonings
 * Level 1.0 Translocations


You had 2 spell levels left.
You knew the following spells:

 Your Spells              Type           Power        Failure   Level  Hunger
a - Magic Dart            Conj           #...         11%         1    N/A
b - Blink                 Tloc           N/A          16%         2    N/A
c - Call Imp              Summ           #.......     16%         2    N/A
d - Slow                  Hex            #.......     22%         2    N/A

Your spell library contained the following spells:

 Spells                   Type           Power        Failure   Level  Hunger
 Conjure Flame            Conj/Fire      #.......     36%         3    N/A
 Mephitic Cloud           Conj/Pois/Air  #.......     38%         3    N/A

Dungeon Overview and Level Annotations

Branches:
Dungeon (3/15)

Altars:

Annotations:
D:2 Robin


Innate Abilities, Weirdness & Mutations

You do not eat or drink.
Your flesh is vulnerable to fire.
You are immune to poison.
Your flesh is cold resistant. (rC+)
You are immune to negative energy. (rN+++)
You are immune to unholy pain and torment.
You can survive without breathing.


Message History

The goblin shouts!
The adder bites you.
The dart slug moves out of view.
The adder bites you.
Found 17 gold pieces.
The leopard gecko hisses angrily.
The adder bites you.
There is an escape hatch in the floor here.
The adder closely misses you.
Something bites the plant but does no damage.
The goblin hits you but does no damage. The adder barely misses you.
You slide downwards.
The hatch slams shut behind you.
You aren't carrying any scrolls.
You aren't carrying any scrolls.
You can't drink.
You aren't carrying any scrolls.
The goblin hits you with a +0 dagger.
* * * LOW HITPOINT WARNING * * *
The goblin closely misses you. The adder misses you.
The goblin hits you but does no damage. The adder bites you.
You die...

. .. ... ##
....# #.
#.....
#.#####....#
#.#.....#
###.@Sg.###
#....gS.##
#....#.#..#
..## #.<..#
##......#.#
#....####...
....# ###?#
.... ... .#
S.


You could see 2 adders and 2 goblins.

Vanquished Creatures
  A bat (D:1)
  4 goblins
  2 hobgoblins (D:1)
  A jackal (D:2)
  A frilled lizard (D:1)
  A kobold (D:2)
  4 rats
14 creatures vanquished.

Vanquished Creatures (collateral kills)
  A dart slug (D:1)
1 creature vanquished.

Grand Total: 15 creatures vanquished

Notes
Turn   | Place    | Note
-------+----------+-------------------------------------------
     0 | D:1      | Acheron the Mummy Wizard began the quest for the Orb.
     0 | D:1      | Reached XP level 1. HP: 13/13 MP: 5/5
   274 | D:1      | Reached XP level 2. HP: 13/19 MP: 1/7
   375 | D:1      | Learned a level 2 spell: Blink
   378 | D:1      | Learned a level 2 spell: Call Imp
   382 | D:1      | Learned a level 2 spell: Slow
   534 | D:1      | Reached skill level 1 in Translocations
   853 | D:2      | Noticed Robin
   869 | D:3      | Slain by an adder

Illustrated notes

Levels and vault maps discovered:
D:1:      mrwooster_arrival_statue, layout_loops_ring, serial_bayou,
          serial_bayou_shore_a, serial_bayou_lagoon_b, serial_bayou_lake_a,
          serial_bayou_pond_a
D:2:      cheibrodos_old_hovel, layout_basic, lemuel_round_altar,
          chequers_temple_overflow_statue_of_worship, zin_treasury,
          gammafunk_temple_overflow_statue, grunt_decor_one_mirror, uniq_robin
D:3:      layout_rooms, minmay_circle_x

Skill      XL: |  1  2 |
---------------+-------+-----
Translocations | 1 |  1.0
Fighting       | |  0.1
Dodging        | |  1.8
Stealth        | |  1.6
Spellcasting   | |  4.4
Conjurations   | |  0.8
Hexes          | |  0.1
Summonings     | |  0.8

Action                   || total
-------------------------++-------
Melee: Spear             ||     7
 Cast: Magic Dart        ||    28
       Call Imp          ||     4
Armor: Robe              ||     2
Dodge: Dodged            ||    14
